 Dungeon Crawl Stone Soup version 0.31-a0-845-g9abc20d24f (webtiles) character file.

Game seed: 12958357334193690829

19641 BinkBink the Skirmisher (level 12, -2/58 HPs)
             Began as a Spriggan Hunter on Oct 1, 2023.
             Was an Elder of Hepliaklqana.
             Killed from afar by a manticore (15 damage)
             ... with a volley of spikes
             ... on level 13 of the Dungeon.
             The game lasted 00:30:30 (13255 turns).

BinkBink the Skirmisher (Spriggan Hunter)          Turns: 13255, Time: 00:30:30

Health: -2/58      AC:  2    Str:  9    XL:     12   Next: 38%
Magic:  4/4        EV: 34    Int: 11    God:    Hepliaklqana [****..]
Gold:   642        SH:  0    Dex: 30    Spells: 11/11 levels left

rFire   . . .        P - +0 arbalest
rCold   x . .        (shield currently unavailable)
rNeg    + + .        c - +0 robe
rPois   +            (helmet currently unavailable)
rElec   +            (cloak currently unavailable)
rCorr   .            (gloves unavailable)
SInv    +            (boots unavailable)
Will    ++...        E - amulet "Qiucs" {Acrobat Rampage rC- Str+4 Slay+2}
Stlth   ++++         F - ring of the Enemy {rN+ MP-9 Dex+2 Stlth+}
HPRegen 0.29/turn    G - ring of Xom's Reproof {rElec rPois rN+ Str-2 Dex+5}
MPRegen 0.09/turn

%: acrobat, rampage
@: beast-form, spiked, very quick
A: beast (slay +4), reduced essence, very small, no large weapons, unfitting
armour, see invisible, speed 3
a: Begin Untransformation, Renounce Religion, Recall Ancestor, Ancestor
Identity, Transference, Idealise


You were on level 13 of the Dungeon.
You worshipped Hepliaklqana.
Hepliaklqana was greatly pleased with you.
You were a hulking beast.
You visited 2 branches of the dungeon, and saw 14 of its levels.

You collected 663 gold pieces.
You spent 21 gold pieces at shops.

Inventory:

Hand Weapons
 a - a +0 shortbow
 P - a +0 arbalest (weapon)
Missiles
 w - a throwing net
Armour
 c - a +0 robe (worn)
 j - a +1 hat
Jewellery
 i - a ring of fire
 l - an amulet of regeneration
 p - a +6 ring of intelligence
 u - a ring of protection from fire
 A - a ring of wizardry
 E - the amulet "Qiucs" (around neck) {Acrobat Rampage rC- Str+4 Slay+2}
   (You took it off an orc warrior on level 7 of the Dungeon)

   [amulet of the acrobat]

   Acrobat:   It increases your evasion while moving and waiting.
   Str+4:     It affects your strength (+4).
   Slay+2:    It affects your accuracy & damage with ranged weapons and melee
   (+2).
   rC-:       It makes you vulnerable to cold.
   Rampage:   It bestows one free step when moving towards enemies.
 F - the ring of the Enemy (left hand) {rN+ MP-9 Dex+2 Stlth+}
   (You took it off an orc warrior on level 7 of the Dungeon)

   [ring of positive energy]

   Dex+2:     It affects your dexterity (+2).
   rN+:       It protects you from negative energy.
   MP-9:      It affects your magic capacity (-9).
   Stlth+:    It makes you more stealthy.
 G - the ring of Xom's Reproof (right hand) {rElec rPois rN+ Str-2 Dex+5}
   (You took it off a vampire on level 7 of the Dungeon)

   [ring of poison resistance]

   Str-2:     It affects your strength (-2).
   Dex+5:     It affects your dexterity (+5).
   rElec:     It insulates you from electricity.
   rPois:     It protects you from poison rN+: It protects you from negative
   energy.
 H - the amulet of Cuibboug {Regen+ Dex+3}
   (You found it on level 7 of the Dungeon)

   [amulet of regeneration]

   Dex+3:     It affects your dexterity (+3).
   Regen+:    It increases your rate of health regeneration.
 M - a ring of resist corrosion
 O - a ring of fire
 U - a +6 ring of strength
Talismans
 g - a beast talisman (active)
Wands
 v - a wand of digging (8)
 x - a wand of paralysis (6)
 C - a wand of acid (13)
 D - a wand of mindburst (23)
 I - a wand of flame (11)
 J - a wand of iceblast (15)
 N - a wand of polymorph (5)
Scrolls
 b - a scroll of immolation
 e - 3 scrolls of vulnerability
 h - 3 scrolls of revelation
 n - a scroll of poison
 o - 4 scrolls of amnesia
 q - 4 scrolls of teleportation
 y - 2 scrolls of enchant armour
 K - a scroll of torment
 S - a scroll of silence
Potions
 d - 6 potions of curing
 f - 3 potions of might
 k - a potion of berserk rage {unknown}
 m - a potion of heal wounds {unknown}
 r - a potion of enlightenment {unknown}
 s - a potion of brilliance {unknown}
 t - a potion of mutation {unknown}
 z - 2 potions of haste
 B - 3 potions of lignification {unknown}
 L - a potion of resistance {unknown}
 Q - a potion of degeneration {unknown}
 R - a potion of attraction {unknown}
 T - a potion of invisibility {unknown}


   Skills:
 + Level 8.2 Fighting
 * Level 13.9 Ranged Weapons
 + Level 12.7 Dodging
 - Level 1.5 Stealth
 - Level 10.0 Shapeshifting


You had 11 spell levels left.
You didn't know any spells.
Your spell library contained the following spells:

 Spells                   Type           Power      Damage    Failure   Level
 Cigotuvi's Dreadful Rot  Necr/Pois/Air  0%         N/A       47%         2
 Sublimation of Blood     Necr           0%         N/A       47%         2
 Ignite Poison            Fire/Tmut/Pois 0%         N/A       71%         3
 Stone Arrow              Conj/Erth      0%         3d7       71%         3
 Animate Armour           Summ/Erth      0%         N/A       98%         4
 Petrify                  Tmut/Erth      0%         N/A       98%         4
 Freezing Cloud           Conj/Ice/Air   0%         6-21      100%        5
 Irradiate                Conj/Tmut      0%         3d11      100%        5
 Lehudib's Crystal Spear  Conj/Erth      0%         10d2      100%        8


Dungeon Overview and Level Annotations

Branches:
Dungeon (13/15)            Temple (0/1) D:6            Lair (0/5) D:11
    Orc (1/2) D:11
 Vaults: D:13-14

Altars:
Cheibriados
Elyvilon
Fedhas
Gozag
Hepliaklqana
Kikubaaqudgha
Xom

Shops:
D:3 *   D:11 *


Innate Abilities, Weirdness & Mutations

You are a hulking beast.
Your limbs bulge with bestial killing power. (Slay +4)
Your life essence is reduced to manifest your ancestor. (-10% HP)
You are very small and have problems with some larger weapons.
You are too small for most types of armour.
You have supernaturally acute eyesight. (SInv)
You cover ground extremely quickly. (Speed+++)


Message History

The eight-headed hydra bites Chungus but does no damage.
The eight-headed hydra bites Chungus.
The eight-headed hydra barely misses Chungus.
The eight-headed hydra bites Chungus but does no damage.
The eight-headed hydra barely misses Chungus.
Chungus blocks the eight-headed hydra's attack.
Chungus hits the eight-headed hydra with a +0 flail!
The eight-headed hydra dies!
You swap places.
You see here a hydra corpse.
Ancestor HP restored.
Found a chain mail.
A centaur warrior comes into view.
You shoot a bolt. The bolt hits the centaur warrior.
The centaur warrior is lightly wounded.
The centaur warrior wields a +0 orcbow.
The centaur warrior shoots an arrow.
The arrow hits you!!
The centaur warrior shoots an arrow.
The arrow completely misses you.
A manticore is nearby!
A manticore is nearby!
A manticore is nearby!
A manticore is nearby!
You shoot a bolt. The bolt barely misses the manticore.
The centaur warrior shoots an arrow.
The arrow hits Chungus.
The manticore flicks its tail.
The volley of spikes misses you.
You shoot a bolt. The bolt hits the manticore!!!
The manticore is severely wounded.
The manticore flicks its tail.
The volley of spikes misses you.
The centaur warrior shoots an arrow.
The arrow hits you!!
The manticore flicks its tail.
The volley of spikes hits you!
The barbed spikes become lodged in your body.
* * * LOW HITPOINT WARNING * * *
You feel better.
The manticore flicks its tail.
The volley of spikes hits you!
The barbed spikes become lodged in your body.
You die...

#....
....####...####..#
###....
..................
....c..
#.........^...<...
.......
#...###....###..##
.......###...#
#... #..#
#..........#
#....# #..#
#..........#
#....# #..#
#....###...#
#....# #..# #....
#h.R# #....###..#
.[.....
#...###.........##
.......
#....H............
.......
#.................
####...
#..........######.
..P. #...####...#
#. #...# #...# #.
#...####..†######.
#.................


You could see the friendly Chungus the knight and a manticore (ally target).

Vanquished Creatures
  A hydra (D:13)
  2 boulder beetles (D:12)
  3 two-headed ogres
  A deep elf pyromancer (D:12)
  An ugly thing (D:7)
  A cyclops (D:7)
  A manticore (D:11)
  An elephant (D:11)
  An unseen horror (D:11)
  2 tengu conjurers (D:12)
  5 trolls
  Prince Ribbit (D:8)
  10 slime creatures
  A wraith (D:9)
  25 yaks
  A vampire (D:7)
  Grum (D:8)
  A steam dragon (D:7)
  An acid dragon (D:9)
  2 vampire mosquitoes (D:12)
  3 water moccasins
  7 orc warriors
  2 black bears (D:11)
  2 ogres
  2 centaurs
  2 wolves (D:7)
  A phantom (D:6)
  A kobold brigand (D:9)
  2 bullfrogs
  2 gnoll sergeants
  8 scorpions
  6 wights
  5 killer bees (D:9)
  9 howler monkeys
  5 orc priests
  2 gnoll boudas (D:5)
  A hound (D:6)
  2 iguanas
  2 sleepcaps (D:7)
  14 orc wizards
  Robin (D:2)
  A mummy (D:5)
  16 gnolls
  7 adders
  A shadow imp (D:5)
  3 white imps
  An ufetubus (D:4)
  6 worms
  4 dart slugs
  36 orcs
  8 ball pythons
  5 endoplasms
  4 giant cockroaches
  10 hobgoblins
  6 jackals
  7 kobolds
  6 quokkas
  10 bats
  3 frilled lizards
  18 goblins
  7 rats
300 creatures vanquished.

Vanquished Creatures (collateral kills)
  A hydra (D:13)
  A two-headed ogre (D:8)
  A steam dragon (D:7)
  An ice beast (D:7)
  A hound (D:7)
5 creatures vanquished.

Vanquished Creatures (others)
  5 ancestors (D:7)
5 creatures vanquished.

Grand Total: 310 creatures vanquished

Notes
Turn   | Place    | Note
-------+----------+-------------------------------------------
     0 | D:1      | BinkBink the Spriggan Hunter began the quest for the Orb.
     0 | D:1      | Reached XP level 1. HP: 10/10 MP: 2/2
   105 | D:1      | Reached XP level 2. HP: 12/15 MP: 3/3
   424 | D:1      | Found a faded altar of an unknown god.
   437 | D:1      | Found a faded altar of an unknown god.
   779 | D:2      | Reached XP level 3. HP: 15/18 MP: 4/4
   877 | D:2      | Noticed a scorpion
   912 | D:2      | Killed a scorpion
   913 | D:2      | Reached skill level 5 in Ranged Weapons
   913 | D:2      | Reached XP level 4. HP: 23/23 MP: 5/5
  1061 | D:2      | Noticed Robin
  1114 | D:2      | Killed Robin
  1119 | D:2      | Reached XP level 5. HP: 27/27 MP: 6/6
  1930 | D:3      | Found an opulent altar of Gozag.
  1930 | D:3      | Found Gozag's Platinum Reserve.
  2113 | D:3      | Found an ancient bone altar of Kikubaaqudgha.
  2403 | D:4      | Reached skill level 1 in Shapeshifting
  2434 | D:4      | Reached XP level 6. HP: 31/32 MP: 7/7
  2538 | D:4      | Reached skill level 6 in Ranged Weapons
  2538 | D:4      | Reached skill level 5 in Dodging
  3122 | D:4      | Reached XP level 7. HP: 36/36 MP: 8/8
  3179 | D:5      | Entered Level 5 of the Dungeon
  3505 | D:5      | Reached skill level 7 in Ranged Weapons
  3851 | D:5      | Found a snail-covered altar of Cheibriados.
  3937 | D:5      | Reached XP level 8. HP: 36/42 MP: 9/9
  3999 | D:6      | Found a blossoming altar of Fedhas.
  4059 | D:6      | Found a hazy altar of Hepliaklqana.
  4079 | D:6      | Became a worshipper of Hepliaklqana the Forgotten
  4493 | D:6      | Reached skill level 8 in Ranged Weapons
  4529 | D:6      | Found a staircase to the Ecumenical Temple.
  4796 | D:6      | Reached skill level 5 in Shapeshifting
  4967 | D:7      | Reached XP level 9. HP: 42/46 MP: 10/10
  5023 | D:7      | Reached * piety under Hepliaklqana
  5105 | D:7      | Reached skill level 9 in Ranged Weapons
  5269 | D:7      | Reached skill level 5 in Fighting
  5505 | D:7      | Noticed a cyan ugly thing
  5520 | D:7      | Noticed a cyclops
  5521 | D:7      | Identified the ring of the Enemy {rN+ MP-9 Dex+2 Stlth+}
  5524 | D:7      | Noticed a cyan ugly thing
  5614 | D:7      | Found a shimmering altar of Xom.
  5754 | D:7      | Killed a red ugly thing
  6015 | D:7      | Noticed a troll
  6061 | D:7      | Killed a troll
  6062 | D:7      | Reached skill level 10 in Ranged Weapons
  6088 | D:7      | Identified the amulet "Qiucs" {Acrobat Rampage rC- Str+4
                  | Slay+2}
  6126 | D:7      | Killed a cyclops
  6127 | D:7      | Reached XP level 10. HP: 47/47 MP: 11/11
  6240 | D:7      | Identified the ring of Xom's Reproof {rElec rPois rN+ Str-2
                  | Dex+5}
  6273 | D:7      | Identified the amulet of Cuibboug {Regen+ Dex+3}
  6371 | D:8      | Noticed Grum
  6410 | D:8      | Noticed a two-headed ogre
  6419 | D:8      | Killed a two-headed ogre
  6425 | D:8      | Killed Grum
  6517 | D:8      | Reached ** piety under Hepliaklqana
  6518 | D:8      | Remembered your ancestor Chungus as a knight
  6699 | D:8      | Noticed Prince Ribbit
  6705 | D:8      | Killed Prince Ribbit
  6714 | D:8      | Reached skill level 11 in Ranged Weapons
  7109 | D:9      | Reached skill level 10 in Dodging
  7345 | D:9      | Found a white marble altar of Elyvilon.
  7632 | D:10     | Entered Level 10 of the Dungeon
  7695 | D:9      | Reached XP level 11. HP: 52/52 MP: 3/12
  7842 | D:10     | Reached *** piety under Hepliaklqana
  8446 | D:11     | Found a staircase to the Orcish Mines.
  8460 | D:11     | Found Jofak's Assorted Antiques.
  8529 | D:11     | Noticed a two-headed ogre
  8686 | D:10     | Killed a two-headed ogre
  8687 | D:10     | Reached skill level 12 in Ranged Weapons
  8922 | D:11     | Noticed a two-headed ogre
  8927 | D:11     | Killed a two-headed ogre
  9145 | D:11     | Found a staircase to the Lair.
  9267 | D:11     | Noticed a fire dragon
 10637 | Orc:1    | Entered Level 1 of the Orcish Mines
 10639 | Orc:1    | Noticed an orc sorcerer
 10949 | D:11     | HP: 1/52 [fire dragon/blast of flame (51)]
 11412 | D:12     | Noticed a boulder beetle
 11482 | D:12     | Noticed a deep elf pyromancer
 11693 | D:12     | Killed a deep elf pyromancer
 12003 | D:12     | Killed a boulder beetle
 12004 | D:12     | Reached skill level 13 in Ranged Weapons
 12063 | D:12     | Reached skill level 10 in Shapeshifting
 12204 | D:12     | Reached **** piety under Hepliaklqana
 12266 | D:12     | Noticed a boulder beetle
 12418 | D:11     | Bought a scroll labelled OXZIFEVOXT for 21 gold pieces
 12453 | D:12     | Noticed a two-headed ogre
 12457 | D:12     | Killed a two-headed ogre
 12458 | D:12     | Reached XP level 12. HP: 57/57 MP: 4/13
 12647 | D:12     | Killed a boulder beetle
 13131 | D:13     | Noticed a six-headed hydra
 13156 | D:13     | Killed a six-headed hydra
 13219 | D:13     | Noticed an eight-headed hydra
 13226 | D:13     | Killed an eight-headed hydra
 13247 | D:13     | Noticed a centaur warrior
 13255 | D:13     | Killed from afar by a manticore

Illustrated notes

Levels and vault maps discovered:
D:1:      dpeg_arrival_houses_and_road, layout_loops_ring,
          hellmonk_ecumenical_altar_the_god_not_taken, minmay_pentomino_x4
D:2:      layout_loops_ring, minmay_diced_spiral, uniq_robin
D:3:      layout_basic, kiku_gazebo_pond_becter, nicolae_gozag_zags_fifth_avenue
D:4:      layout_loops_ring
D:5:      layout_cave_pools, slow_altar_2, minivault_11
D:6:      layout_basic, fedhas_bush_and_centaur_altar,
          nicolae_hepliaklqana_hazy_memory, temple_green
D:7:      minmay_the_grid_triangle_9x9_rhombus_thin
          [minmay_the_grid_triangle_9x9_longest,
          minmay_the_grid_triangle_9x9_prize_special,
          minmay_the_grid_triangle_9x9_windchime,
          minmay_the_grid_triangle_9x9_corrupted_corridor], layout_gridville,
          mainiacjoe_overflow_small_starburst
D:8:      layout_basic, uniq_prince_ribbit1, uniq_grum
D:9:      layout_cave_pools, nicolae_elyvilon_peaceful_grove
D:10:     layout_loops_ring
D:11:     dragon1_lemuel, layout_cave_pools, david_lair_generic, serial_shops,
          nicolae_take_the_stairs
D:12:     layout_basic
D:13:     layout_small_grid, serial_undead, serial_undead_a, serial_undead_f,
          serial_undead_e, serial_undead_b
Orc:1:    layout_caves, small_statue_alley_c

Skill      XL: |  1  2  3  4  5  6  7  8  9 10 11 12 |
---------------+-------------------------------------+-----
Dodging        | 3 4 5 6 7 9 10 12 | 12.7
Fighting       | 2 3 4 5 6 7 8 |  8.2
Ranged Weapons | 5 6 7 8 10 11 13 | 13.9
Shapeshifting  | 1 2 3 5 7 8 10 | 10.0
Stealth        | |  1.5

Action                     |  1- 3 |  4- 6 |  7- 9 | 10-12 || total
---------------------------+-------+-------+-------+-------++-------
   Fire: Shortbow          |    96 |   215 |   463 |   230 ||  1004
         Arbalest          |       |       |       |   298 ||   298
 Invoke: Ancestor Life: Kn |       |       |       |     1 ||     1
         Recall Ancestor   |       |       |       |     1 ||     1
         Ancestor Identity |       |       |       |     1 ||     1
    Use: Scroll            |       |       |     6 |    11 ||    17
         Potion            |       |       |       |     1 ||     1
 Armour: Robe              |     6 |    21 |    49 |    51 ||   127
  Dodge: Dodged            |    22 |    51 |   144 |   191 ||   408
   Form: Beast             |       |     1 |       |       ||     1

Table legend: (Time is in decaauts)
 A = Elapsed time spent in this place.
 B = Non-inter-level travel time spent in this place.
 C = Inter-level travel time spent in this place.
 D = Time resting spent in this place.
 E = Time spent auto-exploring this place.
 F = Levels seen in this place.
 G = Mean time per level.
                   A        B        C        D        E       F      G
               +--------+--------+--------+--------+--------+-----+--------+
         Total |   9807 |   9445 |    362 |   1134 |   5771 |  14 |  700.5 |
       Dungeon |   9798 |   9436 |    362 |   1134 |   5770 |  13 |  753.7 |
  Orcish Mines |      9 |      9 |      0 |      0 |      0 |   1 |    9.0 |
               +--------+--------+--------+--------+--------+-----+--------+

Top non-repeatable levels by time:
    D:11: 2009 daAuts
    D:12: 1191 daAuts
    D:10: 1144 daAuts
     D:7: 1007 daAuts
     D:6: 698 daAuts
     D:4: 657 daAuts
     D:3: 580 daAuts
     D:2: 572 daAuts
     D:1: 507 daAuts
     D:9: 486 daAuts
     D:5: 471 daAuts
     D:8: 359 daAuts
    D:13: 112 daAuts
   Orc:1: 9 daAuts
